 Dungeon Crawl Stone Soup version 0.31-a0-845-g9abc20d24f (console) character file.

Game seed: 7585763950179733220

0 petzl the Sneak (level 1, -1/18 HPs)
             Began as a Formicid Delver on Oct 1, 2023.
             Killed by divine providence
             ... invoked by an orc priest
              (15 damage)
             ... on level 3 of the Dungeon.
             The game lasted 00:00:41 (63 turns).

petzl the Sneak (Formicid Delver)                     Turns: 63, Time: 00:00:41

Health: -1/18      AC:  3    Str: 16    XL:     1   Next: 11%
Magic:  1/1        EV: 12    Int:  9    God:
Gold:   7          SH:  0    Dex: 15    Spells: 0/0 levels left

rFire   . . .        a - +0 mace
rCold   . . .        (no shield)
rNeg    . . .        b - +0 leather armour
rPois   .            (helmet unavailable)
rElec   .            (no cloak)
rCorr   .            (no gloves)
SInv    +            (no boots)
Will    .....        (no amulet)
Stlth   +++          (no ring)
HPRegen 0.23/turn    (no ring)
MPRegen 0.07/turn

%: no passive effects
@: no status effects
A: permanent stasis, dig shafts and tunnels, antennae 3, four strong arms
a: Dig, Shaft Self


You were on level 3 of the Dungeon.
You visited 1 branch of the dungeon, and saw 3 of its levels.

You collected 7 gold pieces.

Inventory:

Hand Weapons
 a - a +0 mace (weapon)
Armour
 b - a +0 leather armour (worn)
Wands
 f - a wand of digging (3)
Scrolls
 c - a scroll of fog
 d - a scroll of revelation
 e - a scroll of fear


   Skills:
 + Level 3.3 Fighting
 - Level 2.0 Maces & Flails
 + Level 0.0 Armour
 + Level 1.7 Dodging
 - Level 6.0 Stealth
 * Level 0.0 Spellcasting


You couldn't memorise any spells.
You didn't know any spells.
Your spell library was empty.

Dungeon Overview and Level Annotations

Branches:
Dungeon (5/15)
 Temple: D:4-7

Altars:


Innate Abilities, Weirdness & Mutations

You cannot be hasted, slowed, berserked, paralysed or teleported.
You can dig through walls and to a lower floor.
You have a pair of large antennae on your head. (SInv)
Your four strong arms can wield two-handed weapons with a shield.


Message History

You enter a dispersal trap!
The orc blinks!
The ball python blinks!
The orc blinks!
You feel a strange sense of stasis.
The ball python bites you but does no damage.
The ball python closely misses you.
There is a dispersal trap here.
You hit the ball python.
The ball python is severely wounded.
The ball python bites you but does no damage.
The ball python barely misses you.
The ball python bites you but does no damage.
The ball python grabs you. The ball python constricts you.
You completely miss the ball python.
The ball python is severely wounded.
The ball python bites you but does no damage.
The ball python constricts you.
You closely miss the ball python.
The ball python is severely wounded.
The ball python bites you but does no damage.
The ball python constricts you.
The ball python bites you but does no damage.
The ball python constricts you.
You sock the ball python!
You kill the ball python!
A goblin opens the door.
Really walk into that dispersal trap?
You enter a dispersal trap!
The orc blinks!
The goblin blinks! x3; The orc blinks!
The goblin blinks!
You feel a strange sense of stasis.
There is a dispersal trap here.
Unknown command.
You open the door.
An orc and an orc priest come into view.
The orc is wielding a +1 short sword of flaming.
There is an open door here.
An orc comes into view. It is wielding a +2 mace of protection.
As you close the door, it creaks loudly!
The orc priest shouts!
The orc shouts!
The orc priest calls down the wrath of Beogh upon you.
Beogh smites you!
Ouch! That really hurt!
You die...

.......# .......# ...§...#
#### #go....# ...
######......# ..
...##......# b
####.##......# #
......§......#######
#+#########.##^†...........
........###.##.............
.......@+....o.......[.....
........###.#####.##.......
.o......##....S....'.......
........############.......
........# #.......
..o.....# #...$...
...o....# #.......
......... ..# {


You could see an orc priest and 2 orcs.

Vanquished Creatures
  A ball python (D:3)
1 creature vanquished.

Notes
Turn   | Place    | Note
-------+----------+-------------------------------------------
     0 | D:5      | petzl the Formicid Delver began the quest for the Orb.
     0 | D:5      | Reached XP level 1. HP: 18/18 MP: 1/1
    61 | D:3      | Noticed an orc priest
    63 | D:3      | Killed from afar by an orc priest

Illustrated notes

Levels and vault maps discovered:
D:3:      layout_basic
D:4:      minmay_recursive_quarters, layout_gridville,
          pdpol_wu_jian_five_deadly_venoms, zin_academy, vehumet_altar_wand_db,
          minmay_temple_entry_trees, gup_sewer_entry_bowl
D:5:      layout_basic, tgw_trog, serial_undead, serial_undead_f,
          serial_undead_f, serial_undead_f, serial_undead_b,
          chequers_ossuary_entry_cave, kennysheep_generic_room_14, uniq_pikel,
          uniq_duvessa

Action                     || total
---------------------------++-------
  Melee: Mace              ||     5
 Armour: Leather armour    ||     8
  Dodge: Dodged            ||     3

Table legend: (Time is in decaauts)
 A = Elapsed time spent in this place.
 B = Non-inter-level travel time spent in this place.
 C = Inter-level travel time spent in this place.
 D = Time resting spent in this place.
 E = Time spent auto-exploring this place.
 F = Levels seen in this place.
 G = Mean time per level.
                   A        B        C        D        E       F      G
               +--------+--------+--------+--------+--------+-----+--------+
         Total |     64 |     64 |      0 |      0 |      5 |   3 |   21.3 |
       Dungeon |     64 |     64 |      0 |      0 |      5 |   3 |   21.3 |
               +--------+--------+--------+--------+--------+-----+--------+

Top non-repeatable levels by time:
     D:3: 48 daAuts
     D:5: 12 daAuts
     D:4: 3 daAuts
